General information
- name: BNet
- type: Ladder team game (AT/RT)
- host: Battle.net
- saver: HOSTILE-GAME
map: DragonFalls
- players: 8
- length: 07:42
- speed: Fast
- version: 1.26 W3XP
- replay type: Public
» download(50 KB)
Players
team 1 (winner)
FeedMeOrElse (
purple | 90 APM | 694 actions | 07:41)
3 Keeper of the Grove
2 Entangling Roots
1 Force of Nature
» actions
| Assign group hotkey | 19 | |
| Basic commands | 11 | |
| Build / train | 23 | |
| Enter build submenu | 12 | |
| Enter hero's abilities submenu | 3 | |
| Remove unit from queue | 1 | |
| Right click | 274 | |
| Select / deselect | 115 | |
| Select group hotkey | 213 | |
| Use ability | 23 | |
694 total
» units
» buildings
| Altar of Elders | 1 | |
| Moon Well | 3 | |
| Tree of Life | 1 | |
| Hunter's Hall | 1 | |
| Ancient of War | 2 | |
| Ancient Protector | 2 | |
| Ancient of Wonders | 1 | |
11 total
» build order
00:08 Altar of Elders
00:12 Moon Well
01:59 Tree of Life
02:13 Hunter's Hall
02:15 Ancient of War
02:16 Ancient of War
02:30 Moon Well
03:03 Moon Well
05:58 Ancient Protector
06:19 Ancient Protector
07:12 Ancient of Wonders
S[L]Y[MVP]M[L]G (
teal | 36 APM | 280 actions | 07:41)
3 Keeper of the Grove
2 Entangling Roots
1 Thorns Aura
» actions
| Build / train | 30 | |
| Enter build submenu | 16 | |
| Enter hero's abilities submenu | 3 | |
| Remove unit from queue | 2 | |
| Right click | 97 | |
| Select / deselect | 117 | |
| Use ability | 15 | |
280 total
» units
» buildings
| Moon Well | 4 | |
| Altar of Elders | 1 | |
| Ancient of Wonders | 1 | |
| Ancient of War | 2 | |
| Tree of Ages | 2 | |
| Hunter's Hall | 1 | |
| Tree of Eternity | 4 | |
| Ancient of Wind | 1 | |
16 total
» build order
00:29 Moon Well
00:43 Altar of Elders
01:21 Moon Well
01:31 Ancient of Wonders
01:55 Ancient of War
02:22 Ancient of War
03:09 Tree of Ages
04:23 Moon Well
04:32 Moon Well
04:38 Hunter's Hall
05:31 Tree of Eternity
05:31 Tree of Eternity
05:32 Tree of Eternity
05:46 Ancient of Wind
Sev (
red | 30 APM | 229 actions | 07:41)
3 Priestess of the Moon
1 Scout
2 Trueshot Aura
» actions
| Basic commands | 14 | |
| Build / train | 31 | |
| Enter build submenu | 9 | |
| Enter hero's abilities submenu | 4 | |
| Right click | 71 | |
| Select / deselect | 90 | |
| Use ability | 10 | |
229 total
» units
» upgrades
| Strength of the Moon | 1 | |
| Moon Armor | 1 | |
2 total
» buildings
| Altar of Elders | 1 | |
| Moon Well | 4 | |
| Ancient of War | 2 | |
| Hunter's Hall | 1 | |
8 total
» build order
00:08 Altar of Elders
00:11 Moon Well
01:01 Ancient of War
01:48 Moon Well
02:03 Moon Well
02:50 Ancient of War
03:17 Hunter's Hall
04:00 Moon Well
HOSTILE-GAME (
orange | 80 APM | 619 actions | 07:42)
3 Crypt Lord
2 Carrion Beetles
1 Impale
» actions
| Assign group hotkey | 17 | |
| Build / train | 21 | |
| Enter build submenu | 11 | |
| Enter hero's abilities submenu | 3 | |
| Right click | 275 | |
| Select / deselect | 86 | |
| Select group hotkey | 172 | |
| Use ability | 34 | |
619 total
» units
| Acolyte | 2 | |
| Ghoul | 1 | |
| Crypt Fiend | 10 | |
13 total
» buildings
| Graveyard | 1 | |
| Crypt | 2 | |
| Altar of Darkness | 1 | |
| Ziggurat | 5 | |
| Tomb of Relics | 1 | |
| Nerubian Tower | 1 | |
11 total
» build order
00:08 Graveyard
00:15 Crypt
00:42 Altar of Darkness
00:58 Ziggurat
01:32 Tomb of Relics
02:02 Ziggurat
02:11 Nerubian Tower
03:30 Ziggurat
04:34 Crypt
07:06 Ziggurat
07:07 Ziggurat
» items
team 2 (loser)
Lauryn (
green | 75 APM | 550 actions | 07:22)
2 Death Knight
1 Death Coil
1 Unholy Aura
» actions
| Assign group hotkey | 14 | |
| Basic commands | 25 | |
| Build / train | 20 | |
| Enter build submenu | 7 | |
| Enter hero's abilities submenu | 2 | |
| Right click | 292 | |
| Select / deselect | 95 | |
| Select group hotkey | 74 | |
| Use ability | 21 | |
550 total
» units
| Acolyte | 4 | |
| Ghoul | 4 | |
| Crypt Fiend | 6 | |
14 total
» buildings
| Graveyard | 1 | |
| Crypt | 1 | |
| Altar of Darkness | 1 | |
| Ziggurat | 3 | |
| Tomb of Relics | 1 | |
| Halls of the Dead | 1 | |
8 total
» build order
00:09 Graveyard
00:12 Crypt
00:42 Altar of Darkness
00:59 Ziggurat
01:25 Tomb of Relics
02:00 Ziggurat
03:14 Ziggurat
04:17 Halls of the Dead
» items

»
HarmfulTuna (
pink | 40 APM | 299 actions | 07:33)
3 Tauren Chieftain
2 Endurance Aura
1 War Stomp
» actions
| Build / train | 30 | |
| Enter build submenu | 11 | |
| Enter hero's abilities submenu | 3 | |
| Right click | 122 | |
| Select / deselect | 114 | |
| Use ability | 19 | |
299 total
» units
| Peon | 10 | |
| Troll Headhunter/Berserker | 10 | |
20 total
» upgrades
» buildings
| Orc Burrow | 4 | |
| Altar of Storms | 1 | |
| War Mill | 1 | |
| Barracks | 2 | |
| Voodoo Lounge | 1 | |
| Great Hall | 1 | |
| Stronghold | 1 | |
11 total
» build order
00:07 Orc Burrow
00:09 Altar of Storms
01:10 War Mill
01:25 Orc Burrow
01:44 Barracks
01:55 Voodoo Lounge
02:48 Barracks
02:53 Orc Burrow
03:17 Orc Burrow
04:52 Great Hall
07:21 Stronghold
» items
| Healing Salve | 1 | |
| Lesser Clarity Potion | 1 | |
| Scroll of Speed | 1 | |
3 total

»
cronos (
yellow | 40 APM | 309 actions | 07:40)
3 Dark Ranger
2 Black Arrow
1 Life Drain
» actions
| Build / train | 35 | |
| Enter build submenu | 7 | |
| Enter hero's abilities submenu | 3 | |
| Right click | 138 | |
| Select / deselect | 109 | |
| Use ability | 17 | |
309 total
» units
» upgrades
» buildings
| Altar of Elders | 1 | |
| Moon Well | 3 | |
| Ancient of War | 2 | |
| Hunter's Hall | 1 | |
7 total
» build order
00:38 Altar of Elders
00:55 Moon Well
01:14 Ancient of War
01:51 Moon Well
02:48 Moon Well
05:35 Hunter's Hall
06:06 Ancient of War
dArkbLAck (
blue | 49 APM | 333 actions | 06:46)
3 Crypt Lord
1 Carrion Beetles
2 Impale
» actions
| Assign group hotkey | 19 | |
| Basic commands | 25 | |
| Build / train | 26 | |
| Enter build submenu | 11 | |
| Enter hero's abilities submenu | 3 | |
| Right click | 110 | |
| Select / deselect | 96 | |
| Select group hotkey | 21 | |
| Use ability | 22 | |
333 total
» units
» upgrades
| Unholy Strength | 2 | |
| Unholy Armor | 1 | |
3 total
» buildings
| Crypt | 1 | |
| Ziggurat | 5 | |
| Altar of Darkness | 1 | |
| Graveyard | 1 | |
| Tomb of Relics | 2 | |
| Halls of the Dead | 4 | |
14 total
» build order
00:07 Crypt
00:15 Ziggurat
00:36 Altar of Darkness
01:23 Graveyard
01:39 Ziggurat
02:20 Tomb of Relics
02:24 Tomb of Relics
02:48 Ziggurat
02:51 Ziggurat
03:21 Halls of the Dead
03:21 Halls of the Dead
04:10 Ziggurat
Chat log
(00:13 / Allies) FeedMeOrElse: rush plz
(00:16 / Allies) FeedMeOrElse: massing hunts here
(00:17 / Allies) S[L]Y[MVP]M[L]G: k
(00:22 / Allies) Sev: im down
(00:30 / Allies) FeedMeOrElse: all hunts and oj mass fiends?
(00:33 / Allies) FeedMeOrElse: potm and kotgs?
(00:34 / Allies) HOSTILE-GAME: yes
(00:56 / Allies) S[L]Y[MVP]M[L]G: d
(00:57 / Allies) Sev: rofl
(01:03 / Allies) Sev: gg
(01:04 / Allies) S[L]Y[MVP]M[L]G: d
(01:13 / Allies) HOSTILE-GAME: 100 gold plz
(01:15 / Allies) FeedMeOrElse: kotg here
(01:17 / Allies) FeedMeOrElse: get potm plz
(03:38 / Allies) Sev: im ready
(03:53 / Allies) HOSTILE-GAME: take this shit
(04:00 / Allies) FeedMeOrElse: yellow is noob
(04:04 / Allies) FeedMeOrElse: plz rush
(04:26 / Allies) Sev: coming
(04:34 / Allies) Sev: OGOGOG
(04:50 / Allies) FeedMeOrElse: wait here
(04:55 / Allies) FeedMeOrElse: B
(05:08 / Allies) FeedMeOrElse: b
(05:13 / Allies) FeedMeOrElse: waiyt for army
(05:20 / Allies) HOSTILE-GAME: reinforcements
(06:43 / Allies) FeedMeOrElse: b a ltittle
(06:44 / All) dArkbLAck: gg wp
(07:12 / Allies) HOSTILE-GAME: purple
(07:14 / Allies) HOSTILE-GAME: how bad ur search times
(07:20 / Allies) FeedMeOrElse: 15 mins
(07:29 / All) HarmfulTuna: yeah
(07:32 / All) HarmfulTuna: great rush